 Dungeon Crawl Stone Soup version 0.32-a0-593-g85ff8e36a1 (webtiles) character file.

Game seed: 16872273256421461931

88 BeKind the Shield-Bearer (level 4, -5/41 HPs)
             Began as a Minotaur Fighter on Mar 2, 2024.
             Was a Follower of Qazlal.
             Slain by Sigmund
             ... wielding a +2 scythe of venom
              (8 damage)
             ... on level 3 of the Dungeon.
             The game lasted 00:01:29 (1499 turns).

BeKind the Shield-Bearer (Minotaur Fighter)         Turns: 1499, Time: 00:01:29

Health: -5/41      AC:  7    Str: 22    XL:     4   Next: 30%
Magic:  3/3        EV:  9    Int:  5    God:    Qazlal [*.....]
Gold:   55         SH:  7    Dex: 16    Spells: 3/3 levels left

rFire   . . .        a - +0 trident
rCold   . . .        c - +0 buckler
rNeg    . . .        b - +0 scale mail
rPois   .            (helmet restricted)
rElec   .            (no cloak)
rCorr   .            (no gloves)
SInv    .            (no boots)
Will    +....        (no amulet) Stlth
                     f - +6 ring of dexterity
HPRegen 0.26/turn    o - ring of willpower
MPRegen 0.08/turn

%: no passive effects
@: mighty, lethally poisoned (-5 -> -8)
A: horns 2, retaliatory headbutt
a: Renounce Religion


You were on level 3 of the Dungeon.
You worshipped Qazlal.
Qazlal was aware of your devotion.
You visited 1 branch of the dungeon, and saw 3 of its levels.

You collected 55 gold pieces.

Inventory:

Hand Weapons
 a - a +0 trident (weapon)
Missiles
 p - a throwing net (quivered)
Armour
 b - a +0 scale mail (worn)
 c - a +0 buckler (worn)
Jewellery
 f - a +6 ring of dexterity (left hand)
 o - a ring of willpower (right hand)
Scrolls
 e - a scroll of poison {unknown}
 h - a scroll of amnesia {unknown}
 i - a scroll of acquirement {unknown}
 j - a scroll of butterflies {unknown}
 k - a scroll of noise {unknown}
 m - a scroll of teleportation {unknown}
 n - a scroll of enchant armour {unknown}
Potions
 g - a potion of curing {unknown}
 l - a potion of brilliance {unknown}


   Skills:
 + Level 4.4 Fighting
 + Level 3.4 Polearms
 + Level 4.4 Armour
 + Level 4.4 Shields


You had 3 spell levels left.
You didn't know any spells.
Your spell library contained the following spells:

 Spells                   Type           Power      Damage    Failure   Level
 Magic Dart               Conj           0%         1d3       86%         1
 Blink                    Tloc           0%         N/A       94%         2
 Call Imp                 Summ           0%         N/A       94%         2
 Cigotuvi's Dreadful Rot  Necr/Alch/Air  0%         N/A       94%         2
 Dazzling Flash           Conj/Hex       0%         N/A       99%         3
 Mephitic Cloud           Conj/Alch/Air  0%         N/A       99%         3
 Dispel Undead            Necr           0%         3d6       100%        4
 Martyr's Knell           Necr/Summ      0%         N/A       100%        4
 Curse of Agony           Necr           0%         N/A       100%        5
 Silence                  Hex/Air        0%         N/A       100%        5
 Death Channel            Necr           0%         N/A       100%        6


Dungeon Overview and Level Annotations

Branches:
Dungeon (3/15)

Altars:
Qazlal

Annotations:
D:3 Sigmund


Innate Abilities, Weirdness & Mutations

You have a pair of horns on your head.
You reflexively headbutt those who attack you in melee.


Message History

Okay, then.
Reach: a) +0 trident
Press: ? - help, Dir - move target, f/p - Sigmund
Aim: Sigmund, wielding a +2 scythe of venom and wearing a +0 robe (about 42% to evade your +0 trident)
You reach to attack!
You closely miss Sigmund.
You feel very sick. You block Sigmund's attack.
Reach: a) +0 trident
Press: ? - help, Dir - move target, f/p - Sigmund
Aim: Sigmund, wielding a +2 scythe of venom and wearing a +0 robe (about 42% to evade your +0 trident)
You reach to attack!
You closely miss Sigmund.
* * * LOW HITPOINT WARNING * * *
You feel very sick. The adder closely misses you. You block Sigmund's attack.
You feel very mighty all of a sudden.
* * * LOW HITPOINT WARNING * * *
You feel very sick. The adder bites you but does no damage.
You block the adder's attack.
Reach: a) +0 trident
Press: ? - help, Dir - move target, f/p - Sigmund
Aim: Sigmund, wielding a +2 scythe of venom and wearing a +0 robe (about 42% to evade your +0 trident)
You reach to attack!
You closely miss Sigmund.
* * * LOW HITPOINT WARNING * * *
You feel sick. Sigmund barely misses you. You block the adder's attack.
Reach: a) +0 trident
Press: ? - help, Dir - move target, f/p - Sigmund
Aim: Sigmund, wielding a +2 scythe of venom and wearing a +0 robe (about 42% to evade your +0 trident)
You reach to attack!
You barely miss Sigmund.
* * * LOW HITPOINT WARNING * * *
You feel sick. The adder bites you but does no damage.
You block Sigmund's attack. The adder bites you but does no damage.
Reach: a) +0 trident
Press: ? - help, Dir - move target, f/p - Sigmund
Aim: Sigmund, wielding a +2 scythe of venom and wearing a +0 robe (about 42% to evade your +0 trident)
You reach to attack!
You closely miss Sigmund.
* * * LOW HITPOINT WARNING * * *
You feel sick. The adder bites you but does no damage.
Sigmund hits you from afar with a +2 scythe of venom!
You die...
Sigmund begins carving another notch in his scythe.

...... ....~~~♣. ....~
~PPP~♣♣~. #.♣~P ♣P... ##
#.#~♣ ♣..#' ...#####<#.♣
♣♣#..#.
.......#.#.##♣♣♣♣♣....#.
.......#....#.....#.<.#.
.......#.##.###......##.
......S@.##.# #....#.#..
.......####.###.#....#.#
......@ #...#...##.###.#
........#.###.####.##..#
..............#....##.##
...♣....#####...####..#[
♣~♣♣♣.........####...##.
~~P~♣♣.########....###..
~~♣~~P♣##)......)......#


You could see Sigmund and an adder.

Vanquished Creatures
  4 gnolls (D:3)
  An adder (D:3)
  2 ribbon worms
  7 ball pythons
  2 bats (D:2)
  3 endoplasms
  A giant cockroach (D:2)
  2 goblins
  4 hobgoblins
  3 kobolds
  2 quokkas (D:1)
  4 frilled lizards
  3 rats
38 creatures vanquished.

Notes
Turn   | Place    | Note
-------+----------+-------------------------------------------
     0 | D:1      | BeKind the Minotaur Fighter began the quest for the Orb.
     0 | D:1      | Reached XP level 1. HP: 19/19 MP: 0/0
   302 | D:1      | Reached XP level 2. HP: 27/27 MP: 1/1
   848 | D:2      | Reached XP level 3. HP: 33/33 MP: 2/2
   953 | D:2      | Found a faded altar of an unknown god.
  1218 | D:2      | Prayed at the altar of an unknown god.
  1218 | D:2      | Became a worshipper of Qazlal Stormbringer
  1218 | D:2      | Reached * piety under Qazlal
  1402 | D:3      | Reached XP level 4. HP: 36/40 MP: 3/3
  1485 | D:3      | Noticed Sigmund
  1499 | D:3      | Slain by Sigmund

Illustrated notes

Levels and vault maps discovered:
D:1:      dpeg_arrival_short_road, layout_basic
D:2:      layout_basic, hellmonk_ecumenical_altar_heavens_door,
          nicolae_concentric_dashed_squares_mild
D:3:      minmay_general_purpose_star, layout_basic,
          mainiacjoe_overflow_boulevard, serial_bayou, serial_bayou_pond_d,
          serial_bayou_pond_e, serial_bayou_ford_a, serial_bayou_lake_a,
          uniq_sigmund

Skill      XL: |  1  2 |
---------------+-------+-----
Shields        | 4 |  4.4
Armour         | 4 |  4.4
Fighting       | 4 |  4.4
Polearms       | 3 |  3.4

Action                     |  1- 3 |  4- 6 || total
---------------------------+-------+-------++-------
  Melee: Trident           |    85 |    14 ||    99
         Headbutt          |    11 |       ||    11
    Use: Potion            |       |     1 ||     1
 Armour: Scale mail        |    32 |    10 ||    42
  Dodge: Dodged            |    27 |     3 ||    30
  Block: Buckler           |    16 |     7 ||    23

Table legend: (Time is in decaauts)
 A = Elapsed time spent in this place.
 B = Non-inter-level travel time spent in this place.
 C = Inter-level travel time spent in this place.
 D = Time resting spent in this place.
 E = Time spent auto-exploring this place.
 F = Levels seen in this place.
 G = Mean time per level.
                   A        B        C        D        E       F      G
               +--------+--------+--------+--------+--------+-----+--------+
         Total |   1515 |   1415 |    100 |      0 |   1188 |   3 |  505.0 |
       Dungeon |   1515 |   1415 |    100 |      0 |   1188 |   3 |  505.0 |
               +--------+--------+--------+--------+--------+-----+--------+

Top non-repeatable levels by time:
     D:2: 717 daAuts
     D:1: 529 daAuts
     D:3: 268 daAuts
